 Dungeon Crawl Stone Soup version 0.30-b1-2-g02819fbbbe (webtiles) character file.

Game seed: 18372258100073799295

12 Alarkh the Conjurer (level 2, 19/19 HPs)
             Began as a Demonspawn Conjurer on May 28, 2023.
             Got out of the dungeon alive.
             The game lasted 00:00:31 (235 turns).

Alarkh the Conjurer (Demonspawn Conjurer)            Turns: 235, Time: 00:00:31

Health: 19/19      AC:  2    Str:  7    XL:     2   Next: 20%
Magic:  2/5        EV: 12    Int: 19    God:
Gold:   0          SH:  0    Dex: 11    Spells: 4/5 levels left

rFire   . . .        (no weapon)
rCold   . . .        (no shield)
rNeg    . . .        a - +0 robe
rPois   .            (no helmet)
rElec   .            (no cloak)
rCorr   .            (no gloves)
SInv    .            (no boots)
Will    .....        (no amulet)
Stlth   ++           (no ring)
HPRegen 0.23/turn    (no ring)
MPRegen 0.09/turn

%: no passive effects
@: no status effects
A: hooves 1
a: no special abilities


You escaped.
You visited 1 branch of the dungeon, and saw 1 of its levels.

Inventory:

Armour
 a - a +0 robe (worn)
Potions
 b - a potion of magic
 c - a potion of brilliance {unknown}


   Skills:
 - Level 1.7 Dodging
 - Level 1.7 Stealth
 + Level 2.2 Spellcasting
 * Level 4.4 Conjurations


You had 4 spell levels left.
You knew the following spells:

 Your Spells              Type           Power      Damage    Failure   Level
a - Magic Dart            Conj           72%        1d6       2%          1

Your spell library contained the following spells:

 Spells                   Type           Power      Damage    Failure   Level
 Searing Ray              Conj           36%        2d5       4%          2
 Dazzling Flash           Conj/Hex       20%        N/A       21%         3
 Fulminant Prism          Conj/Hex       5%         3d7       54%         4
 Iskenderun's Mystic Bla  Conj/Tloc      10%        2d4       54%         4


Dungeon Overview and Level Annotations

Branches:
Dungeon (1/15)

Altars:


Innate Abilities, Weirdness & Mutations

You have large cloven feet.


Message History

Casting: Magic Dart (safe; 2% risk of failure)
Confirm with . or Enter, or press ? or * to list all spells.
Aiming: Magic Dart (safe; 2% risk of failure)
Press: ? - help, Shift-Dir - straight line, f - frilled lizard
Aim: a frilled lizard (wandering, hasn't noticed you, 100% to hit)
You miscast Magic Dart.
You are very lightly contaminated with residual magic.
Nothing appears to happen.
You hit the frilled lizard. Your kick misses the frilled lizard.
The frilled lizard is heavily wounded.
The frilled lizard misses you.
You closely miss the frilled lizard. The frilled lizard bites you.
You miss the frilled lizard. Your kick misses the frilled lizard.
The frilled lizard closely misses you.
You hit the frilled lizard. Your kick misses the frilled lizard.
The frilled lizard is heavily wounded.
The frilled lizard barely misses you.
Your magical contamination has completely faded away.
You completely miss the frilled lizard.
You kick the frilled lizard, but do no damage.
The frilled lizard is heavily wounded.
The frilled lizard misses you.
You hit the frilled lizard but do no damage.
You kick the frilled lizard.
You kill the frilled lizard!
No target in view!
No target in view!
No target in view!
No target in view!
No target in view!
No target in view!
No target in view!
No target in view!
No target in view!
(D) Dungeon
Where to? (Enter - D:1 @ (x,y), ? - help)
There is an open door here.
There is a staircase leading out of the dungeon here.
Are you sure you want to leave the Dungeon?
This will make you lose the game!
You have escaped!

.....#.## ####.#######..#
.#......#####.......###...###
#............(.⌠..........>#
##......####..⌠...⌠..######.#
.....#'## ##.......## .#
##.###.# ##..⌠..## # #.....#
##...## ##...### ####...####
.#...# #....@....# .#...#
................ .'...#
....⌠.....⌠....⌠ .#...#
..⌠....#....⌠... ##...#
⌠....#####....⌠. ###..###
...## ##.... .......##>##
##># ##......####
.'..........


There were no monsters in sight!

Vanquished Creatures
  A dart slug (D:1)
  A bat (D:1)
  2 giant cockroaches (D:1)
  2 goblins (D:1)
  A kobold (D:1)
  2 frilled lizards (D:1)
9 creatures vanquished.

Notes
Turn   | Place    | Note
-------+----------+-------------------------------------------
     0 | D:1      | Alarkh the Demonspawn Conjurer began the quest for the Orb.
     0 | D:1      | Reached XP level 1. HP: 13/13 MP: 3/3
   182 | D:1      | Gained mutation: You have large cloven feet. [demonic
                  | ancestry]
   182 | D:1      | Reached XP level 2. HP: 19/19 MP: 0/5
   235 | D:$      | Got out of the dungeon alive.

Illustrated notes

Levels and vault maps discovered:
D:1:      dpeg_arrival_leaves_temple_mockup, layout_basic, minmay_3d_cube

Action                     || total
---------------------------++-------
  Melee: Unarmed           ||    17
         Kick              ||     2
   Cast: Magic Dart        ||    15
 Armour: Robe              ||     3
  Dodge: Dodged            ||    14
